Map: New Gettysburg LE

Players

Nickos

  • Race: Terran Terran
  • League: Gold

MOIxCOM - Winner!

  • Race: Terran Terran
  • League: Gold

VOD

Have the link to the VOD?

Description

Time

  • Played on: Oct. 2, 2016, 6:24 p.m.
  • Length: 6:08
Show
View Real Time Build Order
Export as new Build Order

Nickos Terran 

Build Orders:  

Get SALT Encoding   

  12  0:01  SCV  
  13  0:13  SCV  
  14  0:19  Supply Depot  
  14  0:25  SCV  
  15  0:41  SCV  
  15  0:42  Barracks  
  16  0:53  SCV  
  17  1:05  SCV  
  18  1:18  SCV  
  19  1:24  Command Center  
  19  1:29  Marine  
  20  1:36  Orbital Command  
  20  1:44  Supply Depot  
  20  1:52  Marine  
  21  2:09  Barracks  
  21  2:11  Barracks, SCV  
  21  2:15  Marine  
  22  2:25  SCV  
  22  2:29  Refinery  
  23  2:32  Refinery  
  23  2:33  Marine  
  24  2:41  SCV  
  24  2:43  Bunker  
  25  2:49  Orbital Command  
  25  2:53  SCV  
  25  2:58  Marine  
  27  3:05  SCV  
  28  3:16  SCV  
  28  3:17  Engineering Bay  
  30  3:20  Barracks Tech Lab, SCV  
  30  3:22  Marine x2  
  32  3:30  SCV  
  32  3:32  SCV  
  34  3:45  Missile Turret  
  34  3:48  SCV x2  
  36  3:49  Missile Turret, Marine  
  36  3:50  Marine  
  38  3:56  Supply Depot  
  38  3:59  Marine  
  39  4:03  Stimpack  
  39  4:07  Marine x2  
  39  4:09  Missile Turret  
  41  4:13  Missile Turret  
  41  4:15  SCV x2  
  43  4:17  Marine  
  43  4:23  Supply Depot  
  44  4:25  Marine  
  45  4:31  Missile Turret  
  45  4:34  Missile Turret, Marine  
  45  4:35  Marine  
  47  4:42  Factory, SCV  
  47  4:44  SCV  
  48  5:01  Marine x3  
  48  5:05  SCV x2  
  53  5:12  Bunker  
  41  5:18  Marine  
  41  5:19  Marine  
  29  5:34  Factory Reactor  
Show
View Real Time Build Order
Export as new Build Order

MOIxCOM Terran - Winner!

Build Orders:  

Get SALT Encoding   

  12  0:00  SCV  
  13  0:19  Supply Depot, SCV  
  14  0:31  SCV  
  15  0:43  SCV  
  15  0:48  Barracks  
  16  0:50  Supply Depot  
  16  0:55  SCV  
  17  1:15  Barracks  
  17  1:22  SCV  
  17  1:24  Refinery  
  18  1:27  Refinery  
  18  1:34  SCV  
  18  1:37  Bunker  
  18  1:39  Marine  
  20  1:56  Orbital Command  
  20  1:57  Marine  
  20  2:11  Marine  
  20  2:14  Marine  
  22  2:23  SCV  
  22  2:25  Ghost Academy  
  23  2:32  Supply Depot  
  23  2:33  Marine  
  24  2:50  SCV  
  25  2:57  Factory  
  25  3:02  SCV  
  25  3:04  Barracks Tech Lab  
  26  3:06  Marine  
  27  3:14  Supply Depot, SCV  
  28  3:23  Ghost  
  28  3:26  SCV  
  31  3:40  Nuke  
  31  3:44  Widow Mine  
  31  3:46  SCV  
  34  3:49  Marine  
  34  3:52  Marine  
  36  4:12  Widow Mine  
  36  4:13  SCV  
  39  4:18  Marine x2  
  41  4:28  SCV  
  42  4:35  Marine  
  42  4:36  Engineering Bay, Marine  
  44  4:39  Command Center  
  44  4:53  Marine  
  45  5:00  Nuke  
  45  5:05  Hellion  
  47  5:14  Marine x2  
  47  5:26  Hellion  
  46  5:32  Marine  
  47  5:38  Marine  
Tags
 
Add a new tag
Caveats
  • Supply blocks, unpowered buildings, or Contaminate may cause inaccurate times.
  • Supply counts are checked every 10 seconds.